 Dungeon Crawl Stone Soup version 0.28.0-1-gb440e238dd (webtiles) character file.

Game seed: 8036247121080337829

12075 MirrMurr the Spear-Bearer (level 11, -37/87 HPs)
             Began as a Demonspawn Berserker on Feb 19, 2022.
             Was an Elder of Trog.
             Annihilated by a boulder beetle (41 damage)
             ... on level 11 of the Dungeon.
             The game lasted 00:21:34 (13747 turns).

MirrMurr the Spear-Bearer (Demonspawn Berserker)   Turns: 13747, Time: 00:21:34

Health: -37/87     AC: 19    Str: 23    XL:     11   Next: 57%
Magic:  11/11      EV: 12    Int:  8    God:    Trog [****..]
Gold:   346        SH:  0    Dex: 12    Spells: 10/10 levels left

rFire   . . .      SeeInvis .   a - +4 trident
rCold   . . .      Faith    .   (no shield)
rNeg    . . .      Spirit   .   r - +0 plate armour
rPois   .          Reflect  .   (helmet restricted)
rElec   .          Harm     .   F - +1 cloak
rCorr   .          Rampage  .   (no gloves)
Will    .....                   A - +2 pair of boots
Stlth   ..........              (no amulet)
HPRegen 0.24/turn               (no ring)
MPRegen 0.12/turn               (no ring)

@: no status effects
A: horns 2, repulsion field 2, spiny 1, demonic magic 1
a: Renounce Religion, Berserk, Trog's Hand, Brothers in Arms


You were on level 11 of the Dungeon.
You worshipped Trog.
Trog was greatly pleased with you.
You visited 2 branches of the dungeon, and saw 12 of its levels.

You collected 554 gold pieces.
You spent 208 gold pieces at shops.

Inventory:

Hand Weapons
 a - a +4 trident (weapon)
 b - a +0 hunting sling
 w - a +2 antimagic spear
 D - a +0 trident of venom
Missiles
 d - 327 stones (quivered)
 h - 95 sling bullets
 m - 25 poisoned darts
 q - 6 boomerangs
 s - 4 javelins
 u - a curare-tipped dart
 C - 5 silver javelins
Armour
 r - a +0 plate armour (worn)
 A - a +2 pair of boots (worn)
 F - a +1 cloak (worn)
Jewellery
 f - an amulet of faith
 l - an amulet of regeneration
 y - an amulet of the acrobat
Wands
 g - a wand of digging (9)
 k - a wand of paralysis (8)
 p - a wand of flame (30)
Scrolls
 i - 4 scrolls of identify
 n - a scroll of blinking
 o - 2 scrolls of teleportation
 B - 2 scrolls of enchant weapon
Potions
 c - 2 potions of lignification
 j - 11 potions of heal wounds
 t - 5 potions of haste
 v - a potion of flight
 x - a potion of resistance
 z - 3 potions of attraction
 E - a potion of curing


   Skills:
 + Level 8.9 Fighting
 * Level 11.2 Polearms
 + Level 7.9 Armour
 + Level 7.9 Dodging


You had 10 spell levels left.
You didn't know any spells.
Your spell library was empty.

Dungeon Overview and Level Annotations

Branches:
Dungeon (11/15)            Temple (1/1) D:7            Lair (0/6) D:9
    Orc: D:9-12

Altars:
Ashenzari
Cheibriados
Dithmenos
Elyvilon
Fedhas
Gozag
Hepliaklqana
Kikubaaqudgha
Makhleb
Nemelex Xobeh
Okawaru
Qazlal
Ru
Sif Muna
Trog
Uskayaw
Vehumet
Wu Jian
Xom
Yredelemnul
Zin
The Shining One

Shops:
D:9 (


Innate Abilities, Weirdness & Mutations

You have a pair of horns on your head.
You are surrounded by a moderate repulsion field. (EV +3)
You are partially covered in sharp spines.
Spells you cast may paralyse adjacent enemies.


Message History

You closely miss the phantasmal warrior.
You headbutt the phantasmal warrior, but do no damage.
The phantasmal warrior is heavily damaged.
The phantasmal warrior misses you.
You puncture the phantasmal warrior!
The phantasmal warrior is severely damaged.
You puncture the phantasmal warrior!
The phantasmal warrior is almost destroyed.
The phantasmal warrior hits you!!
You puncture the phantasmal warrior!
You destroy the phantasmal warrior!
Trog accepts your kill.
No target in view!
b - a +0 hunting sling (weapon)
You feel your willpower return.
A boulder beetle comes into view.
a - a +4 trident (weapon)
The boulder beetle curls into a ball and begins rolling!
You hit the boulder beetle but do no damage.
The boulder beetle hits you!!!
Ouch! That really hurt!
* * * LOW HITPOINT WARNING * * *
The boulder beetle stops rolling and uncurls.
You are too injured to fight recklessly!
You are too injured to fight recklessly!
The boulder beetle curls into a ball and begins rolling!
The boulder beetle closely misses you.
The boulder beetle stops rolling and uncurls.
You hit the boulder beetle but do no damage.
You headbutt the boulder beetle, but do no damage.
The boulder beetle closely misses you.
The death knight shouts!
You hit the boulder beetle.
You headbutt the boulder beetle, but do no damage.
The boulder beetle is lightly wounded.
The death knight hits you with a +0 morningstar!
* * * LOW HITPOINT WARNING * * *
The boulder beetle curls into a ball and begins rolling!
The boulder beetle hits you!!!
You die...

... ..# #.# #.
#.# ##.####.#
#.......#
.....>..#
#@###########.##
#pB○○...........
#.(######.......
#..#......####.#
#..#........
#....#.#..##
##.#...#..#
#.#...#..####..
#.#...#........


You could see a death knight and a boulder beetle (rolling).

Vanquished Creatures
  4 two-headed ogres
  2 phantasmal warriors (D:11)
  A cyclops (D:11)
  A komodo dragon (D:7)
  5 trolls
  Prince Ribbit (D:6)
  3 shadows
  Sigmund (D:5)
  12 yaks
  A vampire (D:10)
  Menkaure (D:5)
  A water moccasin (D:8)
  Duvessa (D:6)
  5 orc warriors
  2 ice beasts
  An ogre (D:5)
  4 necrophages
  A sky beast (D:5)
  2 centaurs
  2 phantoms
  Blork the orc (D:5)
  4 bullfrogs
  3 kobold brigands
  A gnoll sergeant (D:10)
  A scorpion (D:5)
  A water moccasin zombie (D:5)
  A wyvern zombie (D:8)
  Dowan (D:6)
  4 wights (D:9)
  4 centaur zombies
  A lava snake (D:9)
  A bullfrog zombie (D:5)
  2 jellies (D:6)
  A bullfrog skeleton (D:5)
  A centaur skeleton (D:5)
  A gnoll shaman (D:7)
  5 hounds
  4 orc priests
  Jessica (D:2)
  A scorpion zombie (D:5)
  An iguana (D:7)
  6 orc wizards
  A killer bee zombie (D:6)
  A howler monkey zombie (D:9)
  8 gnolls
  7 adders
  3 shadow imps
  An ufetubus (D:7)
  An adder skeleton (D:2)
  3 worms
  3 dart slugs
  36 orcs
  4 bats
  2 endoplasms
  2 giant cockroaches
  8 hobgoblins
  6 jackals
  2 quokkas
  7 ball pythons
  6 frilled lizards
  8 goblins
  15 kobolds
  4 rats
225 creatures vanquished.

Vanquished Creatures (others)
  4 plants (D:7)
4 creatures vanquished.

Grand Total: 229 creatures vanquished

Notes
Turn   | Place    | Note
-------+----------+-------------------------------------------
     0 | D:1      | MirrMurr the Demonspawn Berserker began the quest for the
                  | Orb.
     0 | D:1      | Reached XP level 1. HP: 18/18 MP: 1/1
   285 | D:1      | Gained mutation: You are surrounded by a mild repulsion
                  | field. (EV +2) [demonic ancestry]
   285 | D:1      | Reached XP level 2. HP: 14/24 MP: 2/2
   461 | D:1      | Reached skill level 3 in Polearms
   981 | D:1      | Reached XP level 3. HP: 23/29 MP: 3/3
  1374 | D:2      | Noticed Jessica
  1392 | D:2      | Gained mutation: You are surrounded by a moderate repulsion
                  | field. (EV +3) [demonic ancestry]
  1392 | D:2      | Reached XP level 4. HP: 35/35 MP: 4/4
  1393 | D:2      | Killed Jessica
  1935 | D:2      | Reached ** piety under Trog
  2325 | D:3      | Gained mutation: Spells you cast may paralyse adjacent
                  | enemies. [demonic ancestry]
  2325 | D:3      | Reached XP level 5. HP: 42/42 MP: 1/5
  2709 | D:3      | Reached skill level 4 in Polearms
  3218 | D:4      | Noticed a phantom
  3241 | D:3      | Killed a phantom
  3242 | D:3      | Gained mutation: You have a pair of small horns on your
                  | head. [demonic ancestry]
  3242 | D:3      | Reached XP level 6. HP: 37/48 MP: 2/6
  4346 | D:4      | Reached skill level 5 in Polearms
  4346 | D:4      | Gained mutation: You are partially covered in sharp spines.
                  | [demonic ancestry]
  4346 | D:4      | Reached XP level 7. HP: 47/55 MP: 2/7
  4747 | D:5      | Entered Level 5 of the Dungeon
  5096 | D:5      | Reached *** piety under Trog
  5225 | D:5      | Noticed Sigmund
  5252 | D:5      | Killed Sigmund
  5253 | D:5      | Reached skill level 5 in Fighting
  5279 | D:5      | Noticed Menkaure
  5339 | D:5      | Reached skill level 6 in Polearms
  5339 | D:5      | Reached XP level 8. HP: 62/62 MP: 2/8
  5518 | D:5      | Killed Menkaure
  5718 | D:5      | Noticed Blork the orc
  5726 | D:5      | Killed Blork the orc
  5846 | D:5      | You fall into a shaft and drop 3 floors!
  6135 | D:8      | Reached skill level 7 in Polearms
  6473 | D:7      | Found a staircase to the Ecumenical Temple.
  6484 | Temple   | Entered the Ecumenical Temple
  6589 | D:6      | Reached skill level 5 in Dodging
  6680 | D:6      | Reached skill level 5 in Armour
  6865 | D:6      | Noticed a troll
  6881 | D:6      | Killed a troll
  6882 | D:6      | Gained mutation: You have a pair of horns on your head.
                  | [demonic ancestry]
  6882 | D:6      | Reached XP level 9. HP: 29/69 MP: 9/9
  7502 | D:6      | Noticed Dowan
  7502 | D:6      | Noticed Prince Ribbit
  7503 | D:6      | Noticed Duvessa
  7720 | D:6      | Killed Duvessa
  7961 | D:6      | Killed Dowan
  8125 | D:6      | Reached skill level 8 in Polearms
  8202 | D:6      | Killed Prince Ribbit
  8590 | D:6      | Found a burning altar of Makhleb.
  8961 | D:7      | Noticed a komodo dragon
  8981 | D:7      | Killed a komodo dragon
  8982 | D:7      | Reached XP level 10. HP: 79/79 MP: 10/10
  9177 | D:7      | Reached skill level 9 in Polearms
  9737 | D:8      | Noticed a two-headed ogre
  9747 | D:8      | Killed a two-headed ogre
 10245 | D:9      | Found a staircase to the Lair.
 10402 | D:9      | Reached **** piety under Trog
 10696 | D:9      | Found Vaotzon's Antique Weapon Boutique.
 10911 | D:9      | Noticed a two-headed ogre
 10920 | D:9      | Killed a two-headed ogre
 11208 | D:9      | Identified the +1 robe "Gesorgh" {Will+ Dex+4}
 11389 | D:9      | Bought a runed trident for 208 gold pieces
 11445 | D:10     | Entered Level 10 of the Dungeon
 11462 | D:10     | Reached skill level 10 in Polearms
 11583 | D:10     | Noticed a two-headed ogre
 11613 | D:10     | Killed a two-headed ogre
 11614 | D:10     | Reached XP level 11. HP: 80/86 MP: 11/11
 12258 | D:10     | Noticed a two-headed ogre
 12273 | D:10     | Killed a two-headed ogre
 12870 | D:10     | Reached skill level 11 in Polearms
 13103 | D:11     | Noticed a phantasmal warrior
 13116 | D:11     | Killed a phantasmal warrior
 13289 | D:11     | Noticed a death knight
 13290 | D:11     | Noticed a phantasmal warrior
 13291 | D:11     | Noticed a phantasmal warrior
 13647 | D:11     | Killed a phantasmal warrior
 13735 | D:11     | Noticed a boulder beetle
 13746 | D:11     | HP: 4/87 [death knight (16)]
 13747 | D:11     | Annihilated by a boulder beetle

Illustrated notes

Levels and vault maps discovered:
D:1:      dpeg_arrival_morbid_curiosity, layout_rooms, minivault_27,
          minivault_24
D:2:      layout_basic, nrook_mini_vaults, uniq_jessica
D:3:      layout_rooms
D:4:      layout_gridville, hangedman_feature_mirror, kennysheep_small_square
D:5:      layout_basic, uniq_sigmund, uniq_blork_the_orc, uniq_menkaure
D:6:      layout_cave_pools, mainiacjoe_overflow_alcove_2, uniq_duvessa,
          uniq_prince_ribbit1
D:7:      layout_loops_ring, minmay_temple_entry_tees, minmay_lizard_king
D:8:      layout_rooms
D:9:      layout_loops_corners, lair_entry_dummy, serial_shops,
          nicolae_inconvenience_store, minmay_misc_feat_encased
D:10:     layout_cross, serial_glass, glass_columns_c, glass_columns_a,
          glass_columns_c, glass_columns_c, glass_columns_c, glass_columns_b,
          glass_columns_a, glass_columns_b, glass_columns_b, glass_columns_a,
          glass_columns_b, glass_columns_b, glass_columns_a, glass_columns_b,
          minmay_increasing_density
D:11:     layout_basic, david_orc_1_choice, lemuel_old_faithful
Temple:   dpeg_three_leaves_temple

Skill      XL: |  1  2  3  4  5  6  7  8  9 10 11 |
---------------+----------------------------------+-----
Dodging        | 2 3 4 5 6 7 |  7.9
Polearms       | 3 4 5 6 7 8 10 11 | 11.2
Armour         | 2 3 4 5 6 7 |  7.9
Fighting       | 4 5 6 7 8 |  8.9

Action                   |  1- 3 |  4- 6 |  7- 9 | 10-12 || total
-------------------------+-------+-------+-------+-------++-------
Melee: Spear             |   125 |   159 |   144 |    17 ||   445
       Punch             |     2 |     2 |     3 |     3 ||    10
       Headbutt          |       |    13 |    49 |    66 ||   128
       Trident           |       |       |    95 |   273 ||   368
 Fire: Hunting sling     |     1 |    57 |    73 |    60 ||   191
Throw: Stone             |    27 |       |       |       ||    27
Invok: Berserk           |     1 |     2 |     7 |     3 ||    13
       Trog's Hand       |       |       |     1 |       ||     1
  Use: Scroll            |     4 |     4 |    10 |     5 ||    23
Armor: Animal skin       |    13 |       |       |       ||    13
       Ring mail         |    10 |       |       |       ||    10
       Scale mail        |     2 |    24 |       |       ||    26
       Plate armour      |       |       |    86 |    88 ||   174
Dodge: Dodged            |    68 |    80 |    73 |   107 ||   328
